 Dungeon Crawl Stone Soup version 0.30-a0-989-g0d87f670db (webtiles) character file.

Game seed: 722808154097320102

80 arthad the Thrower (level 4, -5/32 HPs)
             Began as a Gnoll Wanderer on Mar 26, 2023.
             Slain by an orc priest
             ... wielding a +0 flail
              (7 damage)
             ... on level 3 of the Dungeon on Apr 2, 2023.
             The game lasted 00:06:21 (1828 turns).

arthad the Thrower (Gnoll Wanderer)                 Turns: 1828, Time: 00:06:22

Health: -5/32      AC:  3    Str: 10    XL:     4   Next: 39%
Magic:  11/11      EV: 11    Int: 21    God:
Gold:   130        SH:  0    Dex: 11    Spells: 12/13 levels left

rFire   . . .      SeeInvis .    a - +0 dagger
rCold   + . .      Faith    .    (no shield)
rNeg    . . .      Spirit   .    e - +0 robe
rPois   .          Reflect  .    (no helmet)
rElec   .          Rampage  .    (no cloak)
rCorr   .                        (no gloves)
Will    .....                    p - +0 pair of boots
Stlth   ++                       (no amulet)
HPRegen 0.25/turn                h - ring of protection from cold
MPRegen 0.12/turn                k - +6 ring of intelligence

@: hasted, invisible, very quick
A: fangs 1, strong nose, distributed training
a: no special abilities


You were on level 3 of the Dungeon.
You visited 1 branch of the dungeon, and saw 3 of its levels.

You collected 130 gold pieces.

Inventory:

Hand Weapons
 a - a +0 dagger (weapon)
Missiles
 n - 8 boomerangs (quivered)
 w - 4 javelins
Armour
 e - a +0 robe (worn)
 p - a +0 pair of boots (worn)
Jewellery
 h - a ring of protection from cold (left hand)
 k - a +6 ring of intelligence (right hand)
 o - a ring of resist corrosion
Wands
 c - a wand of paralysis (15)
Scrolls
 d - a scroll of vulnerability
 l - a scroll of identify
 r - a scroll of fear
Potions
 g - 2 potions of ambrosia
 j - a potion of mutation {unknown}
 q - a potion of brilliance {unknown}
 s - a potion of curing
 t - a potion of heal wounds {unknown}
 u - a potion of haste
 v - a potion of cancellation {unknown}


   Skills:
 + Level 1.2 Fighting
 + Level 1.2 Short Blades
 + Level 1.2 Long Blades
 + Level 1.2 Axes
 + Level 1.2 Maces & Flails
 + Level 1.2 Polearms
 + Level 1.2 Staves
 + Level 1.2 Ranged Weapons
 + Level 8.6 Throwing
 + Level 2.8 Armour
 + Level 1.2 Dodging
 + Level 1.2 Stealth
 + Level 1.2 Shields
 + Level 1.2 Unarmed Combat
 + Level 5.1 Spellcasting
 + Level 1.0 Conjurations
 + Level 1.0 Hexes
 + Level 1.0 Summonings
 + Level 1.0 Necromancy
 + Level 2.2 Translocations
 + Level 1.0 Transmutations
 + Level 1.0 Fire Magic
 + Level 1.0 Ice Magic
 + Level 1.0 Air Magic
 + Level 1.0 Earth Magic
 + Level 1.0 Poison Magic
 + Level 1.3 Invocations
 + Level 4.6 Evocations


You had 12 spell levels left.
You knew the following spells:

 Your Spells              Type           Power      Damage    Failure   Level
a - Apportation           Tloc           28%        N/A       4%          1

Your spell library contained the following spells:

 Spells                   Type           Power      Damage    Failure   Level
 Cigotuvi's Dreadful Rot  Necr/Pois/Air  18%        N/A       11%         2
 Poisonous Vapours        Pois/Air       18%        N/A       11%         2
 Gell's Gravitas          Tloc           14%        N/A       13%         3
 Kindle Blastsparks       Fire/Tloc/Air  22%        2d11      19%         3
 Ignite Poison            Fire/Tmut/Pois 9%         N/A       22%         3
 Mephitic Cloud           Conj/Pois/Air  9%         N/A       22%         3
 Freezing Cloud           Conj/Ice/Air   4%         6-21      89%         5


Dungeon Overview and Level Annotations

Branches:
Dungeon (3/15)

Altars:
Ashenzari


Innate Abilities, Weirdness & Mutations

You have very sharp teeth.
Your uncanny sense of smell can sniff out nearby items.
Your experience applies equally to all skills.


Message History

Aim: an orc, wielding a +0 flail (60% to hit)
You throw a boomerang.
The boomerang hits the orc but does no damage.
Throw: 8 boomerangs
Press: ? - help, Q - select action, (/) - cycle Shift-Dir - straight line, f/p - orc
Aim: an orc, wielding a +0 flail (60% to hit)
You throw a boomerang. The boomerang closely misses the orc.
Throw: 8 boomerangs
Press: ? - help, Q - select action, (/) - cycle Shift-Dir - straight line, f/p - orc
Aim: an orc, wielding a +0 flail (60% to hit)
You throw a boomerang. The boomerang hits the orc!
You kill the orc!
An orc priest opens the door.
Throw: 8 boomerangs
Press: ? - help, Q - select action, (/) - cycle Shift-Dir - straight line, f - orc priest
Aim: an orc priest, wielding a +0 flail and wearing a +0 leather armour (wandering, hasn't noticed you, 60% to hit)
You throw a boomerang. The boomerang hits the orc priest.
The orc priest is moderately wounded.
You hit the orc priest. Your bite misses the orc priest.
The orc priest is heavily wounded.
An orc priest comes into view. It is wielding a +0 flail.
The orc priest shouts!
You hit the orc priest but do no damage.
You bite the orc priest, but do no damage.
The orc priest is heavily wounded.
The orc priest mumbles some strange prayers to Beogh against you.
Pain shoots through your body!
* * * LOW HITPOINT WARNING * * *
An orc comes into view. It is wielding a +0 heavy flail.
You are too injured to fight recklessly!
It was a potion of curing.
You feel better.
The orc shouts!
The orc priest invokes the aid of Beogh against you.
Pain shoots through your body!
* * * LOW HITPOINT WARNING * * *
You fade into invisibility!
It was a potion of haste.
You feel yourself speed up.
The orc priest hits you but does no damage.
The orc priest hits you with a +0 flail!
You die...

#.###.# #####'###.###
######### #.......#...#
#......†# #.......#...####
#.......###.......#......#
.........†........>...##.#
#.......#######.##†...# #
#.......#######.##.####
#.......o@..))#.##.#
#+###+###o###..(##.# .#o
...# ∆ .. .. #.# ### ..+
#.# ..# #.# ..# ##'


You could see 2 orc priests and an orc (unable to see you).

Vanquished Creatures
  Jessica (D:2)
  2 adders
  3 orcs (D:3)
  2 bats
  4 endoplasms
  A giant cockroach (D:1)
  3 goblins
  2 hobgoblins (D:1)
  2 kobolds (D:1)
  A quokka (D:2)
  A ball python (D:2)
  5 frilled lizards
  7 rats
34 creatures vanquished.

Notes
Turn   | Place    | Note
-------+----------+-------------------------------------------
     0 | D:1      | arthad the Gnoll Wanderer began the quest for the Orb.
     0 | D:1      | arthad set off with the following items: a +0 dagger, 14
                  | poisoned darts, a wand of paralysis (15), a scroll of
                  | vulnerability, a +0 robe; and the following spell
                  | memorised: Apportation; and the following spells available
                  | to memorise: Gell's Gravitas.
     0 | D:1      | Reached XP level 1. HP: 13/13 MP: 6/6
   236 | D:1      | Reached XP level 2. HP: 19/19 MP: 7/7
   242 | D:1      | Found a faded altar of an unknown god.
   827 | D:2      | Noticed Jessica
   831 | D:2      | Killed Jessica
   832 | D:2      | Reached skill level 1 in Fighting
   832 | D:2      | Reached skill level 1 in Short Blades
   832 | D:2      | Reached skill level 1 in Long Blades
   832 | D:2      | Reached skill level 1 in Axes
   832 | D:2      | Reached skill level 1 in Maces & Flails
   832 | D:2      | Reached skill level 1 in Polearms
   832 | D:2      | Reached skill level 1 in Staves
   832 | D:2      | Reached skill level 1 in Ranged Weapons
   832 | D:2      | Reached skill level 1 in Dodging
   832 | D:2      | Reached skill level 1 in Stealth
   832 | D:2      | Reached skill level 1 in Shields
   832 | D:2      | Reached skill level 1 in Unarmed Combat
   832 | D:2      | Reached skill level 5 in Spellcasting
   832 | D:2      | Reached skill level 1 in Invocations
   832 | D:2      | Reached XP level 3. HP: 26/26 MP: 7/9
  1150 | D:2      | Reached XP level 4. HP: 32/32 MP: 11/11
  1305 | D:2      | Found a broken altar of Ashenzari.
  1598 | D:3      | Upgraded the game from 0.30-a0-939-gc8157cb160 to
                  | 0.30-a0-989-g0d87f670db
  1819 | D:3      | Reached skill level 1 in Conjurations
  1819 | D:3      | Reached skill level 1 in Hexes
  1819 | D:3      | Reached skill level 1 in Summonings
  1819 | D:3      | Reached skill level 1 in Necromancy
  1819 | D:3      | Reached skill level 1 in Transmutations
  1819 | D:3      | Reached skill level 1 in Fire Magic
  1819 | D:3      | Reached skill level 1 in Ice Magic
  1819 | D:3      | Reached skill level 1 in Air Magic
  1819 | D:3      | Reached skill level 1 in Earth Magic
  1819 | D:3      | Reached skill level 1 in Poison Magic
  1826 | D:3      | HP: 1/32 [orc priest/nerve-wracking pain (12)]
  1828 | D:3      | Slain by an orc priest

Illustrated notes

Levels and vault maps discovered:
D:1:      dpeg_arrival_round_a, layout_basic, basic_ecumenical_altar
D:2:      layout_basic, basic_altar, hangedman_glass_garden, uniq_jessica
D:3:      layout_basic, mainiacjoe_overflow_24_doors,
          nicolae_wu_jian_immortal_techniques, portal_sewer_entry_a, uniq_ijyb

Skill      XL: |  1  2  3  4 |
---------------+-------------+-----
Translocations | 2 |  2.2
Fighting       | 1 |  1.2
Short Blades   | 1 |  1.2
Long Blades    | 1 |  1.2
Axes           | 1 |  1.2
Maces & Flails | 1 |  1.2
Polearms       | 1 |  1.2
Staves         | 1 |  1.2
Ranged Weapons | 1 |  1.2
Dodging        | 1 |  1.2
Stealth        | 1 |  1.2
Shields        | 1 |  1.2
Unarmed Combat | 1 |  1.2
Spellcasting   | 5 |  5.1
Invocations    | 1 |  1.3
Conjurations   | 1 |  1.0
Hexes          | 1 |  1.0
Summonings     | 1 |  1.0
Necromancy     | 1 |  1.0
Transmutations | 1 |  1.0
Fire Magic     | 1 |  1.0
Ice Magic      | 1 |  1.0
Air Magic      | 1 |  1.0
Earth Magic    | 1 |  1.0
Poison Magic   | 1 |  1.0
Throwing       | |  8.6
Armour         | |  2.8
Evocations     | |  4.6

Action                     |  1- 3 |  4- 6 || total
---------------------------+-------+-------++-------
  Melee: Dagger            |    40 |    42 ||    82
         Bite              |       |     4 ||     4
  Throw: Dart              |    70 |    13 ||    83
         Boomerang         |     8 |     7 ||    15
    Use: Scroll            |       |     5 ||     5
         Potion            |       |     4 ||     4
   Stab: Sleeping          |       |     1 ||     1
 Armour: Robe              |    24 |     5 ||    29
  Dodge: Dodged            |    40 |    21 ||    61

Table legend: (Time is in decaauts)
 A = Elapsed time spent in this place.
 B = Non-inter-level travel time spent in this place.
 C = Inter-level travel time spent in this place.
 D = Time resting spent in this place.
 E = Time spent auto-exploring this place.
 F = Levels seen in this place.
 G = Mean time per level.
                   A        B        C        D        E       F      G
               +--------+--------+--------+--------+--------+-----+--------+
         Total |   1796 |   1753 |     43 |      7 |   1453 |   3 |  598.7 |
       Dungeon |   1796 |   1753 |     43 |      7 |   1453 |   3 |  598.7 |
               +--------+--------+--------+--------+--------+-----+--------+

Top non-repeatable levels by time:
     D:2: 883 daAuts
     D:1: 687 daAuts
     D:3: 226 daAuts
